 Dungeon Crawl Stone Soup version 0.29.1-2-gbd0b4ee654 (webtiles) character file.

Game seed: 1668369103105840419

3 LittleSeven the Shield-Bearer (level 1, 18/18 HPs)
             Began as a Formicid Fighter on Nov 21, 2022.
             Quit the game on level 1 of the Dungeon.
             The game lasted 00:00:21 (80 turns).

LittleSeven the Shield-Bearer (Formicid Fighter)      Turns: 80, Time: 00:00:21

Health: 18/18      AC:  6    Str: 20    XL:     1   Next: 55%
Magic:  1/1        EV:  9    Int:  7    God:
Gold:   3          SH:  5    Dex: 13    Spells: 0/0 levels left

rFire   . . .      SeeInvis +   a - +0 trident
rCold   . . .      Faith    .   c - +0 buckler
rNeg    . . .      Spirit   .   b - +0 scale mail
rPois   .          Reflect  .   (helmet unavailable)
rElec   .          Harm     .   (no cloak)
rCorr   .          Rampage  .   (no gloves)
Will    .....                   (no boots)
Stlth   ..........              (no amulet)
HPRegen 0.06/turn               (no ring)
MPRegen 0.07/turn               (no ring)

@: no status effects
A: permanent stasis, dig shafts and tunnels, antennae 3, four strong arms
a: Dig, Shaft Self


You were on level 1 of the Dungeon.
You visited 1 branch of the dungeon, and saw 1 of its levels.

You collected 3 gold pieces.

Inventory:

Hand Weapons
 a - a +0 trident (weapon)
Armour
 b - a +0 scale mail (worn)
 c - a +0 buckler (worn)
Potions
 d - a potion of might
 e - a potion of heal wounds {unknown}
 f - a potion of brilliance {unknown}


   Skills:
 - Level 3.2 Fighting
 + Level 2.3 Polearms
 - Level 3.2 Armour
 - Level 4.0 Shields


You couldn't memorise any spells.
You didn't know any spells.
Your spell library was empty.

Dungeon Overview and Level Annotations

Branches:
Dungeon (1/15)

Altars:


Innate Abilities, Weirdness & Mutations

You cannot be hasted, slowed, berserked, paralysed or teleported.
You can dig through walls and to a lower floor.
You have a pair of large antennae on your head. (SInv)
Your four strong arms can wield two-handed weapons with a shield.


Message History

You open the gate.
You sense a monster nearby.
There is an open gate here.
You open the huge gate.
A frilled lizard comes into view.
The frilled lizard hisses angrily.
You reach to attack!
You barely miss the frilled lizard. You barely miss the frilled lizard.
The frilled lizard bites you.
You barely miss the frilled lizard. The frilled lizard barely misses you.
You barely miss the frilled lizard. You block the frilled lizard's attack.
You closely miss the frilled lizard. The frilled lizard barely misses you.
The frilled lizard bites you.
You barely miss the frilled lizard.
The frilled lizard bites you but does no damage.
You miss the frilled lizard.
The frilled lizard bites you but does no damage.
You closely miss the frilled lizard.
The frilled lizard bites you but does no damage.
You hit the frilled lizard.
You kill the frilled lizard!
No target in view!
There is an open gate here.
HP restored.
There is an open gate here.
There is a huge open gate here.
You sense a monster nearby.
You now have 3 gold pieces.
A kobold comes into view.
It is wielding a +0 short sword of electrocution.
The kobold shouts!
A giant cockroach comes into view.
You reach to attack!
You hit the kobold.
The kobold is moderately wounded.
The kobold throws a stone.
You block the stone.
You reach to attack!
You hit the kobold but do no damage.
The kobold is moderately wounded.
You hit the kobold.
You kill the kobold!
You puncture the giant cockroach!
You kill the giant cockroach!
Are you sure you want to abandon this character and quit the game? (Confirm with "yes".)

#...##..#.#####.#
#.# ##.# ##...#
#.##..# ... ##.##
#.#..# .
#..#####...#
##........##
#.........#
..........##
...........##
.......@....#
.......)..#.#
..............
..........#####
..........#
..........#
..........#
..........#


There were no monsters in sight!

Vanquished Creatures
  A giant cockroach (D:1)
  A kobold (D:1)
  A frilled lizard (D:1)
3 creatures vanquished.

Notes
Turn   | Place    | Note
-------+----------+-------------------------------------------
     0 | D:1      | LittleSeven the Formicid Fighter began the quest for the
                  | Orb.
     0 | D:1      | Reached XP level 1. HP: 18/18 MP: 1/1
    80 | D:1      | Quit the game

Illustrated notes

Levels and vault maps discovered:
D:1:      lordsloth_arrival_two_stooges, layout_rooms,
          ebering_ecumenical_altar_webs

Action                   || total
-------------------------++-------
Melee: Trident           ||    13
Armor: Scale mail        ||     3
Dodge: Dodged            ||     2
Block: Buckler           ||     2
